Map: 하드와이어 - 래더

Players

Classic

  • Race: Protoss Protoss

DPGherO (herO) - Winner!

  • Race: Protoss Protoss
  • League: Master

Event: DreamHack SC2 Masters Last Chance 2022

VOD

Have the link to the VOD?

Description

Time

  • Played on: Dec. 15, 2021, 5:31 a.m.
  • Length: 6:35

All games in this series

Show
View Real Time Build Order
Export as new Build Order

Classic Protoss 

Build Orders: Oracle Opening 

Get SALT Encoding   

  12  0:00  Probe  
  13  0:12  Probe  
  14  0:17  Pylon  
  14  0:24  Probe  
  15  0:36  Gateway, Probe (Chrono Boost)  
  16  0:46  Assimilator, Probe (Chrono Boost)  
  17  0:51  Probe (Chrono Boost)  
  17  0:55  Assimilator  
  18  1:03  Probe (Chrono Boost)  
  19  1:08  Gateway  
  19  1:12  Probe (Chrono Boost)  
  19  1:17  Probe (Chrono Boost)  
  20  1:24  Cybernetics Core  
  21  1:29  Probe  
  22  1:41  Probe, Pylon  
  23  1:59  Probe  
  23  2:00  Stargate  
  24  2:02  Stalker  
  26  2:11  Stalker  
  28  2:18  Pylon  
  28  2:20  Warp Gate  
  28  2:27  Pylon  
  28  2:44  Oracle (Chrono Boost)  
  33  3:00  Stalker  
  33  3:05  Stalker  
  35  3:12  Nexus  
  35  3:19  Shield Battery  
  35  3:28  Twilight Council  
  35  3:35  Probe  
  35  3:39  Pylon  
  36  3:47  Probe  
  37  3:59  Probe  
  34  4:04  Blink (Chrono Boost)  
  30  4:11  Probe  
  31  4:24  Probe (Chrono Boost)  
  31  4:25  Probe (Chrono Boost)  
  33  4:32  Stalker  
  33  4:36  Probe (Chrono Boost)  
  33  4:37  Probe (Chrono Boost)  
  37  4:44  Probe x2 (Chrono Boost)  
  37  4:45  Stalker  
  41  4:51  Probe x2  
  41  5:03  Probe x2  
  43  5:11  Stalker x2  
  47  5:15  Probe x2  
  49  5:24  Robotics Facility  
  49  5:27  Probe x2  
  51  5:38  Stalker x2  
  51  5:42  Pylon  
  55  5:45  Probe x2  
  57  5:53  Pylon  
  57  5:57  Probe  
  57  5:58  Probe  
  59  6:07  Stalker x2  
  42  6:31  Stalker  
Show
View Real Time Build Order
Export as new Build Order

DPGherO Protoss - Winner!

Build Orders: Oracle Opening, Blink Stalkers 

Get SALT Encoding   

  12  0:00  Probe  
  13  0:12  Probe  
  14  0:17  Pylon  
  14  0:24  Probe (Chrono Boost)  
  16  0:36  Gateway, Probe (Chrono Boost)  
  16  0:43  Probe (Chrono Boost)  
  16  0:46  Assimilator  
  17  0:50  Probe  
  17  0:54  Assimilator  
  18  1:03  Probe (Chrono Boost)  
  19  1:06  Gateway  
  20  1:12  Probe (Chrono Boost)  
  20  1:17  Probe (Chrono Boost)  
  20  1:23  Cybernetics Core  
  21  1:29  Probe  
  22  1:35  Pylon  
  22  1:41  Probe  
  23  1:53  Probe  
  24  2:00  Stalker x2  
  28  2:03  Warp Gate  
  28  2:12  Pylon  
  28  2:23  Stargate  
  28  2:30  Stalker  
  28  2:35  Stalker  
  32  2:47  Pylon  
  31  3:03  Oracle (Chrono Boost)  
  34  3:13  Nexus  
  34  3:22  Twilight Council  
  34  3:25  Probe  
  34  3:37  Probe  
  34  3:39  Pylon  
  35  3:49  Probe  
  35  3:50  Blink (Chrono Boost)  
  36  4:09  Stalker x2  
  40  4:11  Probe  
  41  4:20  Gateway  
  41  4:23  Probe  
  42  4:26  Probe  
  43  4:35  Stalker  
  45  4:38  Stalker  
  45  4:40  Probe  
  45  4:43  Probe  
  49  4:58  Probe x2  
  51  5:04  Pylon  
  51  5:06  Stalker  
  53  5:07  Stalker  
  53  5:11  Probe  
  55  5:16  Probe  
  56  5:23  Probe  
  55  5:31  Probe  
  55  5:33  Stalker x3  
  55  5:35  Probe  
  62  5:37  Pylon  
  62  5:55  Pylon  
  62  5:56  Stalker x2  
  68  5:58  Stalker  
  68  6:04  Probe x2  
  64  6:19  Probe x2  
  66  6:26  Stalker x3  
  66  6:32  Robotics Facility  
  74  6:33  Pylon  

Tags
 
Add a new tag
Caveats
  • Supply blocks, unpowered buildings, or Contaminate may cause inaccurate times.
  • Supply counts are checked every 10 seconds.